 Dungeon Crawl Stone Soup version 0.15-a0-1345-gc375f20 (webtiles) character file.

205 MDvedh the Slicer (level 6, 0/35 HPs)
             Began as a Kobold Gladiator on June 8, 2014.
             Slain by an orc wizard
             ... wielding a +1,+0 dagger
              (1 damage)
             ... on Level 4 of the Dungeon.
             The game lasted 00:06:08 (4204 turns).

MDvedh the Slicer (Kobold Gladiator)                Turns: 4204, Time: 00:06:08

HP   0/35        AC  5     Str 15      XL: 6   Next:  9%
MP  15/15        EV 16     Int  6      God:
Gold 123         SH  0     Dex 17      Spells:  0 memorised,  5 levels left

rFire  + + .     SeeInvis .     a - +0 cutlass
rCold  + . .     Clarity  .     i - +1 robe {rC+ rF+}
rNeg   . . .     rCorr    .     (no shield)
rPois  .         rRot     .     c - +0 helmet
rElec  .         Spirit   .     (no cloak)
SustAb .         Warding  .     (no gloves)
rMut   .         Stasis   .     t - +0 pair of boots (curse)
Gourm  .                        (no amulet)
MR     .....                    q - ring of magical power
                                j - cursed ring of protection from fire

@: slowed, very slow, not resistant to hostile enchantments, unstealthy
A: carnivore 3
a: no special abilities


You were on level 4 of the Dungeon.
You were not hungry.

You visited 1 branch of the dungeon, and saw 4 of its levels.

You collected 123 gold pieces.

Inventory:

Hand weapons
 a - a +0,+0 cutlass (weapon)
Missiles
 d - a throwing net (quivered)
Armour
 b - a +0 leather armour
 c - a +0 helmet (worn)
 i - a +1 robe of resistance (worn)
 t - a cursed +0 pair of boots (worn)
Comestibles
 f - 2 meat rations
Scrolls
 e - 2 scrolls of teleportation
 k - 2 scrolls of magic mapping {unknown}
 l - 2 scrolls of identify {unknown}
 m - 3 scrolls of amnesia
 n - 2 scrolls of remove curse {unknown}
 r - a scroll of random uselessness {unknown}
 s - a scroll of noise {unknown}
Jewellery
 j - a cursed ring of protection from fire (left hand)
 q - a ring of magical power (right hand)
Potions
 g - 2 potions of heal wounds {unknown}
 h - 4 potions of curing {unknown}
 o - a potion of mutation {unknown}
 p - a potion of restore abilities {unknown}
 u - a potion of paralysis {unknown}


   Skills:
 - Level 2.1 Fighting
 + Level 8.3 Short Blades
 - Level 2.6 Throwing
 - Level 3.6 Dodging


You had 5 spell levels left.
You didn't know any spells.

Dungeon Overview and Level Annotations

Branches:
Dungeon (4/15)
 Temple: D:4-7

Altars:
Nemelex Xobeh
Sif Muna
Zin
The Shining One


Innate Abilities, Weirdness & Mutations

You are small and have problems with some larger weapons.
You are carnivorous and can eat meat at any time.


Message History

The orc wizard hits you but does no damage.
The bat barely misses you.
You hit the orc wizard but do no damage.
The orc wizard is almost dead.
The bat closely misses you.
The orc wizard hits you but does no damage.
The bat closely misses you.
The orc wizard mumbles some strange words.
The orc wizard blinks!
The bat closely misses you. The bat misses you.
The orc wizard points at you and mumbles some strange words.
You feel yourself slow down.
Unknown command.
The bat hits you but does no damage. The bat completely misses you.
The bat closely misses you.
Unknown command.
You hit the bat.
The bat is severely wounded.
The bat closely misses you. The orc wizard hits you with a dagger.
You die...

.......................
.......................
.......................
............$............
........<..)....<........
###########...........###
##._..._.....#
#............#
#@o..⌠.......#
#............#
##._..._..... #b.........
#.#...%.. #.###... #.. ..
###


You could see an orc wizard and a bat.

Vanquished Creatures
  An ogre (D:4)
  A gnoll (D:1)
  4 adders (D:3)
  A giant mite (D:2)
  A worm (D:3)
  3 giant geckos
  4 orcs (D:3)
  A ball python (D:1)
  2 giant cockroaches
  8 hobgoblins
  2 jackals (D:3)
  2 quokkas (D:3)
  8 bats
  2 giant newts
  6 goblins
  10 kobolds
  5 rats
61 creatures vanquished.

Notes
Turn   | Place    | Note
--------------------------------------------------------------
     0 | D:1      | MDvedh, the Kobold Gladiator, began the quest for the Orb.
     0 | D:1      | Reached XP level 1. HP: 12/12 MP: 1/1
   424 | D:1      | Reached XP level 2. HP: 17/17 MP: 2/2
   569 | D:1      | Reached skill level 5 in Short Blades
   711 | D:1      | Reached XP level 3. HP: 11/21 MP: 3/3
  1561 | D:2      | Reached skill level 6 in Short Blades
  1628 | D:2      | Reached XP level 4. HP: 26/26 MP: 4/4
  3205 | D:3      | Reached skill level 7 in Short Blades
  3205 | D:3      | Reached XP level 5. HP: 13/30 MP: 5/5
  3481 | D:4      | Found a glowing golden altar of the Shining One.
  3481 | D:4      | Found a sparkling altar of Nemelex Xobeh.
  3481 | D:4      | Found a deep blue altar of Sif Muna.
  3481 | D:4      | Found a glowing silver altar of Zin.
  3481 | D:4      | Noticed an ogre
  3585 | D:3      | HP: 1/30 [orc/whip (3)]
  4174 | D:4      | Killed an ogre
  4174 | D:4      | Reached skill level 8 in Short Blades
  4174 | D:4      | Reached XP level 6. HP: 35/35 MP: 6/6
  4199 | D:4      | HP: 1/35 [orc wizard/dagger (3)]
  4204 | D:4      | Slain by an orc wizard

Action                   |  1- 3 |  4- 6 || total
-------------------------+-------+-------++-------
Melee: Cutlass           |    93 |   148 ||   241
Throw: Throwing net      |       |     8 ||     8
  Use: Scroll            |       |     2 ||     2
 Stab: Sleeping          |       |     1 ||     1
       Held in net/web   |       |     1 ||     1
